 Dungeon Crawl Stone Soup version 0.29.1-2-gbd0b4ee654 (webtiles) character file.

Game seed: 15897234775330047394

2852 Lutefisk the Fighter (level 9, 0/94 (105) HPs)
             Began as an Ogre Cinder Acolyte on Nov 19, 2022.
             Was a High Priest of Ignis.
             Slain by a wight
             ... wielding a +3 scimitar
              (1 damage)
             ... on level 7 of the Dungeon.
             The game lasted 00:31:10 (5580 turns).

Lutefisk the Fighter (Ogre Cinder Acolyte)          Turns: 5580, Time: 00:31:10

HP:   0/94 (105)    AC:  3    Str: 24    XL:     9   Next: 75%
MP:   21/21         EV: 10    Int: 17    God:    Ignis [*****.]
Gold: 255           SH:  0    Dex:  6    Spells: 20/24 levels left

rFire   + + .      SeeInvis .   u - +11 short sword of the Gazing Soothsayer {freeze, rPois Str+4}
rCold   + . .      Faith    .   (no shield)
rNeg    . . .      Spirit   .   b - +0 robe
rPois   +          Reflect  .   (helmet restricted)
rElec   .          Harm     .   l - scarf {rC+ rF+}
rCorr   .          Rampage  .   (gloves unavailable)
Will    +....                   (boots unavailable)
Stlth   +.........              (no amulet)
HPRegen 0.25/turn               x - ring of willpower
MPRegen 0.17/turn               (no ring)

@: heavily drained
A: large, unfitting armour, tough skin 1
a: Renounce Religion, Fiery Armour, Foxfire Swarm, Rising Flame


You were on level 7 of the Dungeon.
You worshipped Ignis.
Ignis was extremely pleased with you.
You visited 2 branches of the dungeon, and saw 8 of its levels.

You collected 255 gold pieces.

Inventory:

Hand Weapons
 a - a -1 spear of flaming
 h - a +0 quarterstaff
 u - the +11 short sword of the Gazing Soothsayer (weapon) {freeze, rPois Str+4}
   (You found it on level 4 of the Dungeon)

   It freezes those it strikes, dealing additional cold damage.
   It can also slow down cold-blooded creatures.
   Str:       It affects your strength (+4).
   rPois:     It protects you from poison.
 w - a +1 sling of freezing
Missiles
 d - a curare-tipped dart (quivered)
 s - 4 poisoned darts
 I - 2 throwing nets
Armour
 b - a +0 robe (worn)
 l - a scarf of resistance (worn)
Jewellery
 v - a ring of magical power
 x - a ring of willpower (left hand)
 G - a ring of positive energy
Wands
 D - a wand of mindburst (24)
 E - a wand of flame (27)
Scrolls
 e - 2 scrolls of poison {unknown}
 f - a scroll of noise {unknown}
 k - a scroll of teleportation {unknown}
 m - a scroll of fog {unknown}
 o - a scroll of summoning {unknown}
 p - 4 scrolls of enchant armour {unknown}
 r - 4 scrolls of identify
 t - a scroll of brand weapon {unknown}
 y - a scroll of torment {unknown}
 C - a scroll of fear {unknown}
 F - a scroll of immolation {unknown}
 H - a scroll of magic mapping {unknown}
Potions
 c - 3 potions of brilliance {unknown}
 g - 4 potions of curing
 i - a potion of resistance {unknown}
 j - a potion of attraction {unknown}
 n - a potion of haste {unknown}
 q - a potion of flight {unknown}
 z - a potion of might {unknown}
 A - 2 potions of invisibility {unknown}
 B - a potion of ambrosia {unknown}


   Skills:
 - Level 11.0 Fighting
 - Level 3.0 Polearms
 - Level 1.0 Throwing
 - Level 3.0 Armour
 * Level 5.4 Dodging
 - Level 8.0 Spellcasting
 - Level 1.0 Translocations
 - Level 3.0 Fire Magic


You had 20 spell levels left.
You knew the following spells:

 Your Spells              Type           Power      Damage    Failure   Level
a - Scorch                Fire           34%        2d6       4%          2
b - Blink                 Tloc           20%        N/A       11%         2

Your spell library contained the following spells:

 Spells                   Type           Power      Damage    Failure   Level
 Summon Small Mammal      Summ           24%        N/A       11%         1
 Lesser Beckoning         Tloc           10%        N/A       21%         3
 Call Canine Familiar     Summ           6%         N/A       30%         3
 Summon Guardian Golem    Hex/Summ       6%         N/A       30%         3
 Manifold Assault         Tloc           10%        N/A       88%         5


Dungeon Overview and Level Annotations

Branches:
Dungeon (7/15)             Temple (1/1) D:5

Altars:
Ashenzari
Makhleb
Uskayaw
Xom
Yredelemnul
Zin

Shops:
D:2 [


Innate Abilities, Weirdness & Mutations

You are too large for most types of armour.
You have tough skin. (AC +1)


Message History

You hit the wight but do no damage.
The wight is moderately damaged.
The wight closely misses you.
You hit the wight.
The wight is heavily damaged.
The wight hits you with a +0 hand axe.
You hit the wight.
The wight is almost destroyed.
The wight completely misses you.
You hit the wight but do no damage.
The wight is almost destroyed.
The wight hits you with a +0 hand axe.
You puncture the wight!
You destroy the wight!
You hit the wight but do no damage. The wight hits you with a +3 scimitar!
You feel drained.
You completely miss the wight. The wight hits you with a +3 scimitar!
You feel drained.
You hit the wight.
The wight is lightly damaged.
The wight hits you with a +3 scimitar.
You closely miss the wight.
The wight is lightly damaged.
The wight hits you with a +3 scimitar!
You feel drained.
You closely miss the wight.
The wight is lightly damaged.
The wight hits you with a +3 scimitar. The wight hits you with a +3 scimitar!
* * * LOW HITPOINT WARNING * * *
You puncture the wight!
The wight is severely damaged.
The wight hits you with a +3 scimitar!
* * * LOW HITPOINT WARNING * * *
You feel drained.
* * * LOW HITPOINT WARNING * * *
You hit the wight.
The wight is almost destroyed.
The wight hits you with a +3 scimitar!
* * * LOW HITPOINT WARNING * * *
You feel drained.
You die... ......# ...z. zz.

#z# #.#
#.##z####
#[......#
#####.#z#
#.#@#
#.### #..
###


You could see a wight.

Vanquished Creatures
  A troll (D:6)
  Sigmund (D:4)
  3 yaks
  Edmund (D:5)
  A water moccasin (D:6)
  A sky beast (D:6)
  An ogre (D:6)
  A centaur (D:5)
  A kobold brigand (D:6)
  A phantom (D:5)
  2 necrophages (D:5)
  A gnoll sergeant (D:5)
  5 scorpions
  4 wights (D:7)
  A gnoll bouda (D:5)
  3 hounds
  3 jellies (D:6)
  2 orc priests
  3 iguanas (D:5)
  3 orc wizards (D:5)
  Robin (D:4)
  10 gnolls
  10 adders
  A river rat (D:6)
  A white imp (D:6)
  An ufetubus (D:6)
  2 worms
  4 dart slugs
  6 orcs
  5 endoplasms
  3 giant cockroaches
  13 goblins
  8 hobgoblins
  4 jackals
  5 quokkas
  5 ball pythons
  5 bats
  3 frilled lizards
  15 kobolds
  8 rats
149 creatures vanquished.

Vanquished Creatures (others)
  2 plants (D:2)
2 creatures vanquished.

Grand Total: 151 creatures vanquished

Notes
Turn   | Place    | Note
-------+----------+-------------------------------------------
     0 | D:1      | Lutefisk the Ogre Cinder Acolyte began the quest for the
                  | Orb.
     0 | D:1      | Reached XP level 1. HP: 24/24 MP: 2/2
   191 | D:1      | Reached XP level 2. HP: 22/33 MP: 3/3
   278 | D:1      | Reached skill level 5 in Fighting
   297 | D:1      | Learned a level 2 spell: Scorch
   487 | D:1      | Found a faded altar of an unknown god.
   548 | D:1      | Reached XP level 3. HP: 42/42 MP: 5/5
   634 | D:2      | Found Kyntoy's Armour Shoppe.
   777 | D:2      | Reached XP level 4. HP: 15/52 MP: 0/7
   871 | D:2      | Reached skill level 6 in Fighting
   871 | D:2      | Reached skill level 1 in Dodging
  1060 | D:3      | Reached skill level 1 in Armour
  1379 | D:3      | Reached XP level 5. HP: 59/59 MP: 6/9
  1452 | D:3      | Noticed Robin
  1555 | D:4      | Killed Robin
  1716 | D:4      | You fall into a shaft and drop 1 floor!
  1716 | D:5      | Entered Level 5 of the Dungeon
  1726 | D:5      | Reached XP level 6. HP: 24/68 MP: 1/10
  1820 | D:5      | Reached skill level 7 in Fighting
  1930 | D:5      | Identified the +2 leather armour "Uqobior" {Rampage rElec
                  | rF+ Regen+}
  2039 | D:4      | Identified the +11 short sword of the Gazing Soothsayer
                  | {freeze, rPois Str+4}
  2062 | D:4      | Found a shimmering altar of Xom.
  2062 | D:4      | Noticed an angel
  2062 | D:4      | Noticed Sigmund
  2074 | D:4      | Killed Sigmund
  2075 | D:4      | Reached skill level 8 in Fighting
  2075 | D:4      | Reached XP level 7. HP: 74/80 MP: 2/13
  2083 | D:4      | Found a glowing silver altar of Zin.
  2554 | D:5      | Reached skill level 5 in Spellcasting
  2554 | D:5      | Reached skill level 1 in Throwing
  2681 | D:5      | Found a staircase to the Ecumenical Temple.
  2686 | Temple   | Entered the Ecumenical Temple
  2754 | D:5      | Noticed Edmund
  2927 | D:5      | Reached XP level 8. HP: 55/89 MP: 10/15
  2934 | D:5      | Reached skill level 9 in Fighting
  2976 | D:5      | Identified the +4 ring mail "Puexo" {Rampage +Blink rF++
                  | Dex-5}
  3159 | D:6      | Noticed a +0 dagger
  3159 | D:6      | Noticed a troll
  3160 | D:6      | Noticed a +0 dagger
  3198 | D:5      | Killed Edmund
  3373 | D:6      | Found a hide-covered altar of Uskayaw.
  3422 | D:6      | Reached skill level 10 in Fighting
  3459 | D:6      | Found a burning altar of Makhleb.
  3514 | D:6      | Noticed a yak
  3514 | D:6      | Noticed a yak
  3514 | D:6      | Noticed a yak
  3515 | D:6      | Noticed a yak
  3629 | D:5      | Reached XP level 9. HP: 44/101 MP: 4/19
  3680 | D:6      | Found a glowing drain.
  4332 | D:5      | Reached skill level 11 in Fighting
  4676 | D:6      | Learned a level 2 spell: Blink
  4717 | D:6      | Reached skill level 1 in Translocations
  5072 | D:6      | Reached skill level 5 in Dodging
  5152 | D:6      | Killed a troll
  5580 | D:7      | HP: 1/96 [wight/+3 scimitar (7)]
  5580 | D:7      | Slain by a wight

Illustrated notes

Levels and vault maps discovered:
D:1:      dpeg_arrival_round_b, layout_basic,
          hellmonk_ecumenical_altar_pennies_from_heaven, minmay_quantized
D:2:      layout_rooms, serial_shops, shop, serial_bayou_crossing
D:3:      layout_basic, uniq_robin
D:4:      layout_basic, grunt_temple_overflow_order_and_chaos_1, uniq_sigmund
D:5:      layout_basic, temple_doors_ab, uniq_edmund
D:6:      layout_rooms, mainiacjoe_overflow_six_doors_small,
          dancing_weapons_uskayaw, portal_sewer_entry_b
D:7:      lemuel_ice_spiral_2, layout_basic, uniq_joseph
Temple:   hellmonk_temple_of_storms

Skill      XL: |  1  2  3  4  5  6  7  8  9 |
---------------+----------------------------+-----
Fighting       | 5 6 8 10 11 | 11.0
Spellcasting   | 2 3 4 5 6 8 |  8.0
Dodging        | 1 2 3 4 5 |  5.4
Armour         | 1 2 3 |  3.0
Throwing       | 1 |  1.0
Translocations | 1 |  1.0
Fire Magic     | 3 |  3.0
Polearms       | |  3.0

Action                   |  1- 3 |  4- 6 |  7- 9 || total
-------------------------+-------+-------+-------++-------
Melee: Spear             |   127 |   110 |       ||   237
       Short sword       |       |     6 |   165 ||   171
       Punch             |       |       |     1 ||     1
Throw: Stone             |     5 |       |       ||     5
       Dart              |       |       |     9 ||     9
 Cast: Scorch            |    14 |    45 |    64 ||   123
Evoke: Wand              |       |       |     9 ||     9
  Use: Potion            |       |     1 |     2 ||     3
       Scroll            |       |       |     3 ||     3
Armor: Robe              |    35 |    36 |    42 ||   113
Dodge: Dodged            |    56 |    41 |   133 ||   230
